 Dungeon Crawl Stone Soup version 0.26.1-11-gd32895ea62 (webtiles) character file.

Game seed: 11565960305549378041

7543 sankara the Spear-Bearer (level 10, -8/93 HPs)
             Began as a Minotaur Fighter on Apr 23, 2021.
             Was a Believer of Yredelemnul.
             Mangled by a death yak simulacrum (33 damage)
             ... in an ice cave.
             The game lasted 00:29:24 (9646 turns).

sankara the Spear-Bearer (Minotaur Fighter)         Turns: 9646, Time: 00:29:25

Health: -8/93      AC: 26    Str: 26    XL:     10   Next: 96%
Magic:  11/13      EV:  5    Int:  6    God:    Yredelemnul [**....]
Gold:   857        SH: 10    Dex: 12    Spells: 9/9 levels left

rFire    . . .     SeeInvis .   a - +0 trident
rCold    . . .     Faith    .   c - +0 kite shield
rNeg     . . .     Spirit   .   O - +0 plate armour
rPois    .         Reflect  .   (helmet restricted)
rElec    .         Harm     .   K - +0 cloak
rCorr    +         Rampage  .   A - +1 pair of gloves
Will     .....                  Q - +2 pair of boots of Sin {Str+5}
Stlth    ..........             (no amulet)
HPRegen  0.25/turn              x - +4 ring of protection
MPRegen  0.13/turn              C - ring of resist corrosion

@: injury mirror
A: retaliatory headbutt, horns 2
a: Renounce Religion, Animate Remains, Recall Undead Slaves, Injury Mirror


You were in an ice cave.
You worshipped Yredelemnul.
Yredelemnul was pleased with you.
You visited 3 branches of the dungeon, and saw 10 of its levels.
You also visited: Bailey and Ice Cave.

You collected 857 gold pieces.

Inventory:

Hand Weapons
 a - a +0 trident (weapon)
 l - a +0 hunting sling
 r - a +0 halberd
 P - a +0 glaive
Missiles
 e - 274 stones
 f - 69 sling bullets
 t - 15 boomerangs (quivered)
 u - a boomerang of dispersal
 B - 9 throwing nets
 D - 3 atropa-tipped darts
 L - 18 poisoned darts
Armour
 c - a +0 kite shield (worn)
 A - a +1 pair of gloves (worn)
 K - a +0 cloak (worn)
 O - a +0 plate armour (worn)
 Q - the +2 pair of boots of Sin (worn) {Str+5}
   (You found it in a bailey)

   It affects your strength (+5).
Jewellery
 x - a +4 ring of protection (left hand)
 C - a ring of resist corrosion (right hand)
 S - an uncursed ring of flight
Wands
 w - a wand of disintegration (33)
 y - a wand of enslavement (8)
 I - a wand of flame (41)
 J - a wand of iceblast (6)
Scrolls
 b - 8 scrolls of teleportation
 g - a scroll of fear
 h - a scroll of vulnerability {unknown}
 i - 2 scrolls of identify
 k - 3 scrolls of enchant armour
 m - 2 scrolls of random uselessness
 o - 8 scrolls of remove curse
 F - 2 scrolls of blinking
 H - a scroll of enchant weapon {unknown}
Potions
 d - 2 potions of might
 j - 3 potions of haste
 n - 5 potions of curing
 p - 2 potions of heal wounds
 q - 2 potions of brilliance
 s - a potion of lignification
 v - a potion of mutation
 z - a potion of ambrosia
 N - a potion of cancellation
 R - a potion of magic


   Skills:
 + Level 10.2 Fighting
 * Level 13.2 Polearms
 + Level 10.2 Armour
 - Level 3.6 Shields
 + Level 5.5 Invocations


You had 9 spell levels left.
You didn't know any spells.
Your spell library contained the following spells:

 Spells                   Type           Power        Failure   Level
 Corona                   Hex            0%           100%        1
 Magic Dart               Conj           0%           100%        1
 Blink                    Tloc           N/A          100%        2
 Call Imp                 Summ           0%           100%        2
 Ensorcelled Hibernation  Hex/Ice        0%           100%        2
 Searing Ray              Conj           0%           100%        2
 Slow                     Hex            0%           100%        2
 Confusing Touch          Hex            0%           100%        3
 Conjure Flame            Conj/Fire      0%           100%        3
 Dazzling Flash           Conj/Hex       0%           100%        3
 Mephitic Cloud           Conj/Pois/Air  0%           100%        3
 Tukima's Dance           Hex            0%           100%        3
 Fulminant Prism          Conj/Hex       0%           100%        4
 Iskenderun's Mystic Bla  Conj/Tloc      0%           100%        4


Dungeon Overview and Level Annotations

Branches:
Dungeon (8/15)             Temple (1/1) D:6            Lair (1/6) D:8
 Bailey (visited)           IceCv (1/1)

Altars:
Elyvilon
Hepliaklqana
Okawaru
Sif Muna
Wu Jian
Xom
Yredelemnul
Zin
Beogh


Innate Abilities, Weirdness & Mutations

You reflexively headbutt those who attack you in melee.
You have a pair of horns on your head.


Message History

The polar bear simulacrum claws you but does no damage.
The polar bear simulacrum claws you. The polar bear simulacrum freezes you!!
The death yak simulacrum gores you but does no damage.
The death yak simulacrum gores you. The death yak simulacrum freezes you!!
* * * LOW HITPOINT WARNING * * *
You offer yourself to Yredelemnul, and are filled with unholy energy.
The polar bear simulacrum barely misses you.
The polar bear simulacrum claws you but does no damage.
You block the polar bear simulacrum's attack.
You block the death yak simulacrum's attack.
The death yak simulacrum gores you but does no damage.
Unknown command.
Nothing appears to have answered your call.
The polar bear simulacrum bites you but does no damage.
The polar bear simulacrum claws you but does no damage. x2
The death yak simulacrum gores you.
* * * LOW HITPOINT WARNING * * *
The death yak simulacrum freezes you!!
You die...
Your body rises from the dead as a mindless zombie.

#####
##...##
##..∩..##
#.......#
#...∩...#
##.....##
##.@.##


#ZZZ# ##Z..# #...# ...## ..## .## #. You could see 3 death yak simulacra and a
polar bear simulacrum.

Vanquished Creatures
  The ghost of IHuginn the Cleaver, a novice HOFi of the Shining One (D:8)
  The ghost of ZZKoverts the Jinx, a novice DECj of Vehumet (D:8)
  The ghost of kthxbai the Frost Mage, a novice BaIE of Hepliaklqana (D:8)
  A black mamba (Lair:1)
  A cane toad (Lair:1)
  4 dream sheep (Lair:1)
  4 water moccasins (D:8)
  2 black bears (D:8)
  A hornet zombie (D:8)
  4 orc warriors (D:8)
  2 sky beasts
  3 ice beasts
  2 phantoms
  An ogre (D:8)
  A centaur (D:8)
  6 bullfrogs
  6 gnoll sergeants (Bailey)
  4 scorpions
  A howler monkey (D:4)
  A bullfrog zombie (D:8)
  9 hounds
  A centaur skeleton (D:5)
  6 orc priests
  8 orc wizards
  4 gnoll shamans (Bailey)
  3 worker ants
  A hound skeleton (D:5)
  A howler monkey zombie (D:6)
  16 gnolls
  6 adders
  A shadow imp (D:6)
  3 ufetubi
  3 oozes
  4 worms
  3 leopard geckos
  57 orcs
  3 giant cockroaches
  5 goblins
  12 hobgoblins
  13 jackals
  3 quokkas
  2 ball pythons
  4 bats
  5 frilled lizards
  10 kobolds
  2 leopard gecko zombies (D:5)
  A quokka skeleton (D:4)
  10 rats
243 creatures vanquished.

Vanquished Creatures (collateral kills)
  The ghost of Darold the Spear-Bearer, a novice MfGl (D:8)
  A gnoll sergeant (Bailey)
  2 gnoll shamans (Bailey)
  2 gnolls (Bailey)
  A jackal (D:8)
7 creatures vanquished.

Vanquished Creatures (others)
  A gnoll sergeant (Bailey)
  A scorpion zombie (D:8)
  2 gnoll skeletons (Bailey)
  3 gnoll zombies (Bailey)
  A hound zombie (Bailey)
  2 jackal zombies (D:8)
  3 orc zombies (D:8)
  50 fungi (D:8)
  54 plants
117 creatures vanquished.

Grand Total: 367 creatures vanquished

Notes
Turn   | Place    | Note
-------+----------+-------------------------------------------
     0 | D:1      | sankara the Minotaur Fighter began the quest for the Orb.
     0 | D:1      | Reached XP level 1. HP: 19/19 MP: 0/0
   362 | D:1      | Reached skill level 3 in Polearms
   362 | D:1      | Reached XP level 2. HP: 25/27 MP: 1/1
  1089 | D:2      | Reached XP level 3. HP: 33/33 MP: 2/2
  1537 | D:2      | Reached skill level 4 in Polearms
  1735 | D:3      | Reached XP level 4. HP: 35/40 MP: 3/3
  2049 | D:3      | Reached XP level 5. HP: 20/47 MP: 4/4
  2276 | D:3      | Reached skill level 5 in Polearms
  3076 | D:4      | Noticed an ice beast
  3089 | D:4      | Killed an ice beast
  3090 | D:4      | Reached skill level 5 in Fighting
  3090 | D:4      | Reached skill level 5 in Armour
  3090 | D:4      | Reached XP level 6. HP: 27/56 MP: 5/5
  3136 | D:4      | Reached skill level 6 in Polearms
  4018 | D:4      | Reached XP level 7. HP: 62/62 MP: 6/6
  4131 | D:4      | Reached skill level 7 in Polearms
  4295 | D:5      | Entered Level 5 of the Dungeon
  4741 | D:5      | Reached skill level 8 in Polearms
  4761 | D:5      | Reached XP level 8. HP: 70/71 MP: 7/7
  5159 | D:6      | Found a staircase to the Ecumenical Temple.
  5455 | Temple   | Entered the Ecumenical Temple
  5460 | Temple   | Became a worshipper of Yredelemnul the Dark
  5905 | D:6      | Reached skill level 9 in Polearms
  6171 | D:7      | Found a flagged portal.
  6201 | Bailey   | Entered a bailey
  6210 | Bailey   | Reached * piety under Yredelemnul
  6710 | Bailey   | Reached skill level 10 in Polearms
  6736 | Bailey   | Reached skill level 1 in Invocations
  6760 | Bailey   | Reached XP level 9. HP: 49/81 MP: 8/8
  7114 | Bailey   | Got a pair of heavily runed boots
  7127 | Bailey   | Identified the +2 pair of boots of Sin {Str+5} (You found
                  | it in a bailey)
  8062 | D:8      | Reached skill level 11 in Polearms
  8111 | D:8      | Found a staircase to the Lair.
  8141 | D:8      | Reached ** piety under Yredelemnul
  8603 | D:8      | Noticed IHuginn's ghost (novice HOFi)
  8604 | D:8      | Noticed ZZKoverts's ghost (novice DECj)
  8605 | D:8      | Noticed Darold's ghost (novice MfGl)
  8605 | D:8      | Noticed kthxbai's ghost (novice BaIE)
  8606 | D:8      | Found a runed translucent gate.
  8606 | D:8      | Found a runed translucent gate.
  8606 | D:8      | Found a runed translucent gate.
  8631 | D:8      | Killed Darold's ghost
  8632 | D:8      | Reached XP level 10. HP: 83/91 MP: 11/11
  8639 | D:8      | Killed kthxbai's ghost
  8640 | D:8      | Reached skill level 12 in Polearms
  8647 | D:8      | Killed ZZKoverts's ghost
  8658 | D:8      | Killed IHuginn's ghost
  8977 | D:8      | Found a roughly hewn altar of Beogh.
  9046 | D:8      | Reached skill level 5 in Invocations
  9105 | Lair:1   | Entered Level 1 of the Lair of Beasts
  9105 | Lair:1   | Noticed a cane toad
  9117 | Lair:1   | Killed a cane toad
  9185 | Lair:1   | Reached skill level 10 in Armour
  9187 | Lair:1   | Reached skill level 10 in Fighting
  9187 | Lair:1   | Reached skill level 13 in Polearms
  9427 | Lair:1   | Noticed a black mamba
  9438 | Lair:1   | Killed a black mamba
  9446 | Lair:1   | Found a frozen archway.
  9637 | IceCv    | Entered an ice cave
  9646 | IceCv    | Mangled by a death yak simulacrum

Illustrated notes

Levels and vault maps discovered:
D:1:      dpeg_arrival_signposts, layout_loops_ring,
          chequers_serial_rivers_large_a, serial_bayou_lagoon_a,
          chequers_serial_rivers_small_3, minmay_tiny_reverse_x
D:2:      layout_loops_cross
D:3:      layout_basic, minmay_vboxes
D:4:      layout_loops_corners
D:5:      layout_basic, hangedman_abyss_or_decor_stagger
D:6:      layout_basic, temple_fountains, serial_corexii_hall,
          corexii_hall_statues_i, chequers_hall_statues_corner_a,
          corexii_hall_statues_l, corexii_hall_statues_i
D:7:      layout_gridville, enter_bailey_4
D:8:      layout_basic, due_lair_maze_entry_diamond, gammafunk_ghost_cemetery,
          special_room [special_room_orc]
Temple:   compressed_dpeg_triangle_lava_temple
Lair:1:   layout_cave_pods, portal_ice_cave_entry_pillars_1,
          beast_lair_carwin_10, grunt_megastairs_1
IceCv:    ice_cave_small_necro

Skill      XL: |  1  2  3  4  5  6  7  8  9 10 |
---------------+-------------------------------+-----
Polearms       | 3 4 5 6 8 10 11 13 | 13.2
Fighting       | 4 5 6 7 9 10 | 10.2
Armour         | 4 5 6 7 9 10 | 10.2
Invocations    | 1 3 5 |  5.5
Shields        | |  3.6

Action                   |  1- 3 |  4- 6 |  7- 9 | 10-12 || total
-------------------------+-------+-------+-------+-------++-------
Melee: Trident           |    99 |   210 |   530 |   142 ||   981
       Headbutt          |    11 |    29 |    60 |    33 ||   133
Throw: Boomerang         |       |       |       |     6 ||     6
Invok: Animate Remains   |       |       |    21 |       ||    21
       Injury Mirror     |       |       |       |     2 ||     2
       Recall Undead Sla |       |       |       |     1 ||     1
Evoke: Wand              |       |       |     3 |       ||     3
  Use: Scroll            |       |       |    10 |     7 ||    17
       Potion            |       |       |     5 |     2 ||     7
 Stab: Distracted        |       |       |       |     1 ||     1
Armor: Scale mail        |     3 |       |       |       ||     3
       Chain mail        |    29 |    68 |   159 |       ||   256
       Plate armour      |       |       |   136 |    59 ||   195
Dodge: Dodged            |     7 |    38 |    98 |    14 ||   157
Block: Kite shield       |    25 |    70 |   245 |    39 ||   379
